Map: Ruínas de Endion

Players

Seigifried

  • Race: Protoss Protoss
  • League: Master

TheZergLord - Winner!

  • Race: Zerg Zerg
  • League: Master

VOD

Have the link to the VOD?

Description

Time

  • Played on: May 3, 2016, 6:49 a.m.
  • Length: 11:36
Show
View Real Time Build Order
Export as new Build Order

Seigifried Protoss 

Build Orders: 1 Gate Expand, Zealot Archon 

Get SALT Encoding   

  12  0:02  Probe (Chrono Boost)  
  13  0:18  Probe (Chrono Boost), Pylon  
  14  0:28  Probe (Chrono Boost)  
  15  0:40  Gateway  
  15  0:45  Probe (Chrono Boost), Assimilator  
  16  0:59  Probe (Chrono Boost)  
  17  1:09  Probe (Chrono Boost)  
  18  1:20  Probe (Chrono Boost)  
  19  1:32  Nexus  
  19  1:41  Cybernetics Core  
  19  1:52  Pylon  
  20  2:01  Probe (Chrono Boost)  
  20  2:14  Probe (Chrono Boost)  
  21  2:18  Adept  
  21  2:19  Warp Gate  
  23  2:25  Probe (Chrono Boost)  
  23  2:30  Gateway  
  23  2:35  Probe (Chrono Boost)  
  23  2:36  Assimilator  
  24  2:46  Probe (Chrono Boost)  
  24  2:51  Adept  
  27  2:56  Probe (Chrono Boost)  
  28  3:00  Pylon  
  28  3:03  Mothership Core (Chrono Boost)  
  30  3:07  Probe (Chrono Boost)  
  31  3:22  Pylon  
  31  3:23  Gateway  
  31  3:27  Probe x2 (Chrono Boost)  
  33  3:37  Probe x2 (Chrono Boost)  
  33  3:39  Sentry  
  37  3:43  Pylon  
  37  3:48  Probe x2 (Chrono Boost)  
  39  3:58  Probe (Chrono Boost)  
  40  4:05  Twilight Council  
  40  4:06  Probe (Chrono Boost), Robotics Facility  
  41  4:16  Probe (Chrono Boost)  
  43  4:17  Probe (Chrono Boost)  
  43  4:26  Probe (Chrono Boost)  
  43  4:27  Probe (Chrono Boost)  
  45  4:33  Assimilator  
  45  4:37  Probe x2 (Chrono Boost)  
  47  4:40  Gateway  
  47  4:42  Resonating Glaives (Chrono Boost), Gateway  
  47  4:47  Probe  
  47  4:48  Probe, Assimilator  
  47  4:50  Stalker  
  51  5:00  Robotics Bay  
  51  5:01  Probe  
  51  5:03  Probe  
  53  5:13  Probe  
  54  5:14  Probe  
  54  5:17  Warp Prism  
  54  5:18  Dark Shrine  
  57  5:23  Adept  
  57  5:24  Adept  
  57  5:25  Probe  
  62  5:30  Adept  
  64  5:45  Probe  
  64  5:46  Probe  
  66  5:53  Gateway  
  66  5:54  Gateway  
  66  5:56  Pylon, Gateway  
  66  5:57  Pylon  
  66  6:11  Pylon  
  66  6:31  Dark Templar x4  
  74  6:37  Pylon  
  73  6:40  Archon  
  73  6:41  Archon  
  73  6:48  Stalker  
  75  6:59  Nexus  
  75  7:01  Pylon x2  
  63  7:15  Dark Templar  
  63  7:16  Dark Templar x3  
  71  7:23  Archon  
  71  7:24  Archon, Adept x2  
  71  7:25  Adept x2  
  71  7:28  Probe  
  71  7:29  Probe  
  80  7:47  Stalker x4  
  80  7:48  Stalker  
  68  7:59  Probe  
  68  8:01  Probe  
  66  8:08  Robotics Bay  
  66  8:11  Adept x2  
  66  8:12  Adept x3  
  76  8:15  Adept  
  78  8:35  Robotics Facility  
  78  8:39  Adept x3  
  78  8:40  Adept x2  
  88  8:41  Sentry  
  90  8:54  Dark Templar  
  92  9:00  Sentry  
  90  9:12  Adept x2  
  90  9:13  Adept x4  
  92  9:24  Dark Templar  
  76  9:33  Dark Templar  
  76  9:35  Dark Templar  
  76  9:37  Zealot  
  76  9:38  Dark Templar  
  70  9:39  Zealot x4  
  69  9:50  Disruptor (Chrono Boost)  
  66  9:56  Pylon  
  66  10:01  Pylon  
  66  10:09  Disruptor (Chrono Boost)  
  69  10:26  Archon, Adept x2  
  69  10:27  Adept x2  
  75  10:38  Nexus  
  75  10:39  Pylon  
  75  10:40  Disruptor (Chrono Boost), Pylon  
  78  10:44  Disruptor (Chrono Boost)  
  78  10:47  Adept  
  83  10:54  Adept x2  
  85  11:12  Adept x4  
  75  11:24  Stalker x2  
Show
View Real Time Build Order
Export as new Build Order

TheZergLord Zerg - Winner!

Build Orders: Hatch First 

Get SALT Encoding   

  12  0:01  Drone  
  13  0:13  Overlord  
  13  0:18  Drone  
  14  0:32  Drone x2  
  14  0:35  Drone  
  17  0:53  Hatchery  
  17  0:55  Drone  
  17  0:58  Drone  
  18  1:10  Extractor  
  17  1:14  Spawning Pool  
  17  1:16  Drone  
  17  1:20  Drone  
  18  1:29  Drone  
  19  1:42  Drone  
  20  1:54  Hatchery  
  19  2:03  Zergling x2  
  19  2:06  Queen  
  19  2:07  Drone  
  23  2:09  Drone  
  23  2:14  Metabolic Boost  
  24  2:20  Drone  
  25  2:25  Overlord  
  25  2:28  Drone  
  26  2:31  Drone  
  26  2:33  Drone  
  28  2:42  Queen  
  30  2:49  Pneumatized Carapace  
  30  2:51  Drone  
  30  2:54  Drone  
  30  2:55  Drone  
  33  3:03  Drone x2  
  35  3:08  Queen  
  35  3:11  Overlord  
  37  3:17  Drone x2  
  37  3:18  Drone  
  40  3:30  Drone x3  
  40  3:31  Drone x2  
  44  3:40  Overlord  
  44  3:43  Zergling x8  
  48  3:49  Drone  
  48  3:50  Drone  
  48  3:53  Baneling Nest  
  48  3:54  Evolution Chamber  
  48  4:03  Overlord  
  48  4:05  Spore Crawler  
  48  4:06  Drone  
  48  4:08  Spore Crawler  
  47  4:11  Drone, Spore Crawler  
  47  4:14  Overlord  
  47  4:19  Drone x7  
  54  4:24  Extractor  
  54  4:25  Drone  
  54  4:26  Drone x3  
  57  4:34  Zerg Melee Weapons Level 1  
  57  4:51  Zergling x2  
  57  4:52  Zergling x20  
  68  5:04  Extractor, Roach Warren  
  66  5:10  Overlord  
  66  5:11  Zergling x4  
  66  5:12  Zergling x10  
  73  5:17  Overlord x2  
  73  5:25  Drone  
  74  5:38  Drone  
  74  5:46  Roach  
  74  5:47  Roach x9  
  94  5:51  Baneling x3  
  94  5:52  Baneling  
  93  5:58  Lair  
  92  6:08  Roach  
  92  6:09  Roach  
  96  6:13  Overlord x3  
  96  6:14  Overlord  
  96  6:34  Roach x6  
  96  6:35  Roach x6  
  117  7:07  Drone  
  117  7:08  Drone x14  
  125  7:18  Roach x2  
  129  7:27  Overlord x2, Glial Reconstitution  
  129  7:29  Zerg Missile Weapons Level 1  
  128  7:30  Drone  
  128  7:31  Hydralisk Den  
  119  7:50  Roach x13  
  137  8:00  Drone x2  
  137  8:01  Drone  
  140  8:07  Queen, Extractor  
  140  8:08  Extractor  
  140  8:10  Extractor  
  140  8:12  Muscular Augments  
  139  8:13  Drone x3  
  139  8:14  Drone x2  
  139  8:16  Drone  
  143  8:42  Overlord x3  
  143  8:43  Overlord x3  
  140  9:02  Roach x8  
  149  9:08  Hatchery  
  142  9:18  Roach x2  
  142  9:19  Roach x6  
  106  9:50  Drone x6  
  106  9:51  Drone  
  106  9:52  Drone x2  
  113  9:53  Drone  
  113  9:59  Hydralisk  
  116  10:03  Roach  
  116  10:05  Overseer  
  116  10:06  Hydralisk x3  
  116  10:07  Hydralisk x2  
  120  10:11  Hydralisk x2  
  130  10:16  Queen  
  130  10:18  Hydralisk  
  130  10:20  Ravager  
  135  10:25  Hydralisk  
  135  10:26  Hydralisk x6  
  148  10:35  Hydralisk x2  
  148  10:36  Hydralisk x3  
  148  10:37  Queen  
  160  10:43  Hydralisk x3  
  160  10:45  Hydralisk  
  168  10:52  Hydralisk x2  
Tags
 
Add a new tag
Caveats
  • Supply blocks, unpowered buildings, or Contaminate may cause inaccurate times.
  • Supply counts are checked every 10 seconds.